 Dungeon Crawl Stone Soup version 0.32-a0-938-g40ac7a0f4d (webtiles) character file.

Game seed: 1672721287478415863

2293 holysushi the Skirmisher (level 9, 0/63 HPs)
             Began as a Coglin Hunter on Apr 15, 2024.
             Was a Believer of Okawaru.
             Killed from afar by a steam dragon (19 damage)
             ... with a ball of steam
             ... on level 9 of the Dungeon on Apr 16, 2024.
             The game lasted 00:12:15 (6571 turns).

holysushi the Skirmisher (Coglin Hunter)            Turns: 6571, Time: 00:12:16

Health: 0/63       AC:  6    Str: 11    XL:     9   Next: 40%
Magic:  10/10      EV: 13    Int: 10    God:    Okawaru [**....]
Gold:   13         SH:  0    Dex: 21    Spells: 8/8 levels left

rFire   . . .        a - +3 sling (freeze) {Mei}
rCold   . . .        d - +0 sling {Demetirus}
rNeg    . . .        c - +0 leather armour
rPois   .            (no helmet)
rElec   .            w - +0 cloak
rCorr   .            v - +0 pair of gloves
SInv    .            l - +0 pair of boots
Will    .....        (amulet unavailable)
Stlth   ++           (ring unavailable)
HPRegen 0.30/turn    (ring unavailable)
MPRegen 0.12/turn    (no gizmo)

%: no passive effects
@: revved
A: off-hand wielding, slow wielding, warmup strikes, no jewellery
a: Invent Gizmo, Renounce Religion, Heroism


You were on level 9 of the Dungeon.
You worshipped Okawaru.
Okawaru was pleased with you.
You visited 1 branch of the dungeon, and saw 9 of its levels.
You also visited: Ossuary.

You collected 356 gold pieces.
You spent 343 gold pieces at shops.

Inventory:

Hand Weapons
 a - a +3 sling of freezing (weapon) {Mei}
 d - a +0 sling (offhand) {Demetirus}
Armour
 c - a +0 leather armour (worn)
 l - a +0 pair of boots (worn)
 v - a +0 pair of gloves (worn)
 w - a +0 cloak (worn)
Wands
 p - a wand of iceblast (8)
Scrolls
 b - a scroll of butterflies
 e - 3 scrolls of revelation
 j - a scroll of vulnerability
 k - a scroll of noise
 o - a scroll of teleportation
 s - 2 scrolls of fear
Potions
 g - a potion of haste
 h - 3 potions of curing
 i - 2 potions of attraction
 m - 3 potions of mutation
 n - 4 potions of lignification
 q - 2 potions of invisibility
 r - 3 potions of resistance
 u - 6 potions of brilliance


   Skills:
 - Level 3.0 Fighting
 + Level 10.1 Ranged Weapons
 + Level 5.0 Dodging
 - Level 0.7 Stealth
 - Level 2.0 Invocations
 - Level 3.0 Evocations


You had 8 spell levels left.
You didn't know any spells.
Your spell library contained the following spells:

 Spells                   Type           Power      Damage    Failure   Level
 Ensorcelled Hibernation  Hex/Ice        0%         N/A       58%         2
 Fugue of the Fallen      Necr           0%         N/A       83%         3
 Passwall                 Erth           0%         N/A       83%         3
 Swiftness                Air            0%         N/A       83%         3
 Anguish                  Hex/Necr       0%         N/A       99%         4


Dungeon Overview and Level Annotations

Branches:
Dungeon (10/15) Zot: 26992  Temple (0/1) D:6         Ossuary (visited)
   Lair: D:8-11         Orc: D:9-12

Altars:
Fedhas
Okawaru
Ru

Shops:
D:4 :   D:10 ?

Annotations:
D:5 exclusion: 2 doors
D:7 3 runed translucent doors, jasper's ghost, novice GrSh


Innate Abilities, Weirdness & Mutations

You can wield a second weapon in your off-hand.
It takes a long time for you to wield or remove held weapons.
Your first few attacks do less damage.
You cannot equip rings or amulets.


Message History

The steam dragon hisses angrily.
Found 5 stones.
Found a stone staircase leading down.
There is a stone staircase leading down here.
You shoot a sling bullet.
The sling bullet hits the steam dragon but does no damage.
You shoot a sling bullet.
The sling bullet hits the steam dragon but does no damage.
You shoot a sling bullet. The sling bullet hits the steam dragon.
The steam dragon is lightly wounded.
You shoot a sling bullet. The sling bullet hits the steam dragon.
The sling bullet freezes the steam dragon.
The steam dragon is heavily wounded.
You shoot a sling bullet.
The sling bullet barely misses the steam dragon.
You shoot a sling bullet.
The sling bullet closely misses the steam dragon.
The steam dragon bites you. The steam dragon claws you.
You shoot a sling bullet.
The sling bullet closely misses the steam dragon.
You shoot a sling bullet.
The sling bullet barely misses the steam dragon.
The steam dragon breathes steam at you. The ball of steam hits you!!
You shoot a sling bullet.
The sling bullet closely misses the steam dragon.
You shoot a sling bullet. The sling bullet hits the steam dragon.
The steam dragon is heavily wounded.
You are engulfed in a cloud of scalding steam.
The steam dragon misses you. The steam dragon claws you.
You shoot a sling bullet. The sling bullet hits the steam dragon!
The sling bullet freezes the steam dragon.
The steam dragon is almost dead.
You shoot a sling bullet.
The sling bullet closely misses the steam dragon.
You are engulfed in a cloud of scalding steam.
* * * LOW HITPOINT WARNING * * *
The steam dragon completely misses you. The steam dragon misses you.
The steam dragon breathes steam at you. The ball of steam hits you!!
You die...

.. .# .# .# .#
.#####.
########.>.....
...§.§.@D#
########.# .#
.# .# .# .# ..


You could see a steam dragon (catching breath).

Vanquished Creatures
  A gargoyle (D:10)
  A steam dragon (D:5)
  3 vampire mosquitoes (D:7)
  An ice beast (D:7)
  A phantom (D:7)
  A kobold brigand (D:6)
  An elf zombie (Ossuary)
  2 scorpions
  A bullfrog (D:7)
  3 wights (D:7)
  2 orc priests
  2 centaur zombies (Ossuary)
  3 hounds
  2 jellies
  A gnoll bouda (D:5)
  2 sleepcaps
  4 iguanas
  2 orc wizards
  3 hound zombies (Ossuary)
  2 mummies (Ossuary)
  2 adders
  8 gnolls
  2 shadow imps
  A white imp (D:6)
  4 adder zombies (Ossuary)
  3 ribbon worms
  6 dart slugs
  15 orcs
  8 ball pythons
  6 endoplasms
  5 giant cockroaches
  5 gnoll zombies (Ossuary)
  9 hobgoblins
  3 jackals (D:3)
  6 quokkas
  8 bats
  3 frilled lizards (D:1)
  6 goblins
  10 jackal zombies (Ossuary)
  8 kobolds
  6 kobold zombies (Ossuary)
  5 orc zombies (Ossuary)
  7 rats
174 creatures vanquished.

Notes
Turn   | Place    | Note
-------+----------+-------------------------------------------
     0 | D:1      | holysushi the Coglin Hunter began the quest for the Orb.
     0 | D:1      | Reached XP level 1. HP: 16/16 MP: 1/1
   107 | D:1      | Reached skill level 4 in Ranged Weapons
   107 | D:1      | Reached XP level 2. HP: 22/22 MP: 2/2
   253 | D:1      | Reached XP level 3. HP: 27/27 MP: 3/3
   619 | D:2      | Found a blossoming altar of Fedhas.
   636 | D:2      | Found a faded altar of an unknown god.
   699 | D:2      | Prayed at the altar of an unknown god.
   699 | D:2      | Became a worshipper of Warmaster Okawaru
   699 | D:2      | Reached * piety under Okawaru
   762 | D:2      | Reached XP level 4. HP: 33/33 MP: 4/4
   784 | D:2      | Reached skill level 5 in Ranged Weapons
  1560 | D:3      | Reached skill level 1 in Invocations
  1579 | D:3      | Reached XP level 5. HP: 30/38 MP: 4/6
  2239 | D:4      | Found Ytofabot's Book Emporium.
  2378 | D:4      | Reached skill level 1 in Evocations
  2688 | D:5      | Entered Level 5 of the Dungeon
  2764 | D:5      | Reached XP level 6. HP: 15/44 MP: 7/7
  3033 | D:5      | Noticed a steam dragon
  3297 | D:5      | Found a sacrificial altar of Ru.
  3335 | D:5      | Reached skill level 6 in Ranged Weapons
  3481 | D:5      | Reached XP level 7. HP: 50/50 MP: 8/8
  3532 | D:5      | Killed a steam dragon
  3532 | D:5      | Reached ** piety under Okawaru
  3533 | D:5      | Reached skill level 7 in Ranged Weapons
  3780 | D:5      | Noticed a steam dragon
  4142 | D:6      | Found a sand-covered staircase.
  4147 | Ossuary  | Entered an ossuary
  4284 | Ossuary  | Reached skill level 8 in Ranged Weapons
  4337 | Ossuary  | Reached XP level 8. HP: 56/56 MP: 9/9
  4564 | D:6      | Found a staircase to the Ecumenical Temple.
  5414 | D:7      | Found a runed translucent gate.
  5414 | D:7      | Found a runed translucent gate.
  5414 | D:7      | Found a runed translucent gate.
  5493 | D:7      | Noticed jasper's ghost (novice GrSh)
  5610 | D:7      | Reached skill level 9 in Ranged Weapons
  6105 | D:7      | Reached XP level 9. HP: 33/63 MP: 7/10
  6449 | D:7      | You fall into a shaft and drop 3 floors!
  6449 | D:10     | Entered Level 10 of the Dungeon
  6460 | D:10     | Found Duyvua's Magic Scroll Boutique.
  6468 | D:10     | Bought a scroll of revelation for 97 gold pieces
  6468 | D:10     | Bought a scroll of brand weapon for 123 gold pieces
  6468 | D:10     | Bought a scroll of revelation for 97 gold pieces
  6468 | D:10     | Bought a scroll of identify for 26 gold pieces
  6501 | D:10     | Noticed a gargoyle
  6520 | D:10     | Killed a gargoyle
  6521 | D:10     | Reached skill level 10 in Ranged Weapons
  6521 | D:10     | Reached skill level 5 in Dodging
  6571 | D:9      | Killed from afar by a steam dragon

Illustrated notes

Levels and vault maps discovered:
D:1:      enne_arrival_octagon_isle, layout_basic, st_stairs_8,
          minmay_hexomino_c4
D:2:      layout_rooms, basic_altar, ebering_ecumenical_altar_sacrificial,
          hex_large
D:3:      layout_loops_ring
D:4:      layout_basic, kennysheep_windowed_goal
D:5:      wad_pebble_path, layout_cave_pools, kennysheep_little_box,
          hangedman_decor_clover_reticule, minmay_quadrilaterals
D:6:      layout_loops_ring, minmay_temple_entry_junction, enter_ossuary_2,
          kennysheep_generic_room_14
D:7:      layout_gridville, gammafunk_ghost_icy, minmay_door_square
D:9:      minmay_recursive_quarters, layout_small_grid, orc_david_3,
          gammafunk_ghost_arena
D:10:     layout_irregular_city, serial_shops, shop, bh_circular_ruins,
          uniq_maurice, uniq_erolcha, uniq_harold

Skill      XL: |  1  2  3  4  5  6  7  8  9 |
---------------+----------------------------+-----
Ranged Weapons | 4 5 6 8 9 10 | 10.1
Invocations    | 1 2 |  2.0
Evocations     | 2 3 |  3.0
Fighting       | 3 |  3.0
Dodging        | 3 5 |  5.0
Stealth        | |  0.7

Action                     |  1- 3 |  4- 6 |  7- 9 || total
---------------------------+-------+-------+-------++-------
   Fire: Sling             |   174 |   324 |   552 ||  1050
 Invoke: Heroism           |       |     1 |     4 ||     5
    Use: Scroll            |       |       |    20 ||    20
         Potion            |       |       |     2 ||     2
 Armour: Leather armour    |     9 |    34 |   101 ||   144
  Dodge: Dodged            |     5 |    32 |   103 ||   140

Table legend: (Time is in decaauts)
 A = Elapsed time spent in this place.
 B = Non-inter-level travel time spent in this place.
 C = Inter-level travel time spent in this place.
 D = Time resting spent in this place.
 E = Time spent auto-exploring this place.
 F = Levels seen in this place.
 G = Mean time per level.
                   A        B        C        D        E       F      G
               +--------+--------+--------+--------+--------+-----+--------+
         Total |   6608 |   6214 |    394 |   1129 |   3535 |  10 |  660.8 |
       Dungeon |   6211 |   5817 |    394 |   1024 |   3527 |   9 |  690.1 |
       Ossuary |    396 |    396 |      0 |    105 |      8 |   1 |  396.0 |
               +--------+--------+--------+--------+--------+-----+--------+

Top non-repeatable levels by time:
     D:5: 1167 daAuts
     D:6: 1086 daAuts
     D:4: 1081 daAuts
     D:7: 980 daAuts
     D:3: 687 daAuts
     D:1: 604 daAuts
     D:2: 486 daAuts
 Ossuary: 396 daAuts
    D:10: 110 daAuts
     D:9: 6 daAuts
